 Dungeon Crawl Stone Soup version 0.30-a0-726-gd89dcf765f (webtiles) character file.

Game seed: 6427154480039423013

77 jimonade the Sneak (level 4, -7/23 HPs)
             Began as a Vine Stalker Brigand on Jan 30, 2023.
             Killed by divine providence
             ... invoked by an orc priest
              (11 damage)
             ... on level 3 of the Dungeon.
             The game lasted 00:03:08 (1485 turns).

jimonade the Sneak (Vine Stalker Brigand)           Turns: 1485, Time: 00:03:08

Health: -7/23      AC:  6    Str: 14    XL:     4   Next: 34%
Magic:  0/5        EV: 10    Int: 11    God:
Gold:   112        SH:  0    Dex: 17    Spells: 3/3 levels left

rFire   . . .      SeeInvis .    a - +2 dagger
rCold   . . .      Faith    .    (no shield)
rNeg    . . .      Spirit   +    x - +0 ring mail
rPois   .          Reflect  .    (no helmet)
rElec   .          Harm     .    c - +0 cloak
rCorr   .          Rampage  .    (no gloves)
Will    .....                    (no boots)
Stlth   +++                      o - amulet of regeneration
HPRegen 1.83/turn                (no ring)
MPRegen 0.09/turn                (no ring)

@: lethally poisoned (-7 -> -9)
A: fangs 2, regeneration 1, magic shield, antimagic bite, no potion heal 2
a: no special abilities


You were on level 3 of the Dungeon.
You visited 1 branch of the dungeon, and saw 3 of its levels.

You collected 112 gold pieces.

Inventory:

Hand Weapons
 a - a +2 dagger (weapon)
Missiles
 d - 20 poisoned darts
 e - 3 curare-tipped darts
 j - 6 boomerangs (quivered)
 n - 32 stones
Armour
 b - a +0 robe
 c - a +0 cloak (worn)
 w - a +0 leather armour
 x - a +0 ring mail (worn)
Jewellery
 o - an amulet of regeneration (around neck)
Wands
 u - a wand of charming (9)
Scrolls
 g - a scroll of poison {unknown}
 h - 2 scrolls of enchant armour {unknown}
 l - a scroll of teleportation
 p - a scroll of brand weapon {unknown}
 r - 4 scrolls of identify
 t - 2 scrolls of vulnerability {unknown}
 y - 2 scrolls of noise {unknown}
 z - a scroll of fog {unknown}
Potions
 f - a potion of lignification {unknown}
 i - 2 potions of magic {unknown}
 k - 2 potions of heal wounds
 m - a potion of resistance {unknown}
 q - a potion of cancellation {unknown}
 s - a potion of haste {unknown}
 v - 3 potions of curing {unknown}


   Skills:
 + Level 1.8 Fighting
 * Level 2.8 Short Blades
 + Level 1.7 Throwing
 + Level 1.1 Dodging
 + Level 6.1 Stealth


You had 3 spell levels left.
You didn't know any spells.
Your spell library was empty.

Dungeon Overview and Level Annotations

Branches:
Dungeon (3/15)

Altars:


Innate Abilities, Weirdness & Mutations

You have extremely sharp teeth.
Your natural rate of healing is unusually fast.
When hurt, damage is shared between your health and your magic reserves.
Your bite disrupts and absorbs the magic of your enemies.
Potions cannot restore your health.


Message History

The orc wizard shouts!
The orc wizard casts a spell at you. The magic dart hits you.
The orc priest hits you with a +0 war axe.
You hit the orc priest but do no damage.
The orc priest closely misses you.
You hit the orc priest.
The orc priest is moderately wounded.
You closely miss the orc priest.
The orc priest is moderately wounded.
The orc wizard hits you but does no damage.
You are poisoned.
The orc wizard hits you but does no damage.
The orc priest closely misses you.
A giant cockroach comes into view.
You closely miss the orc priest.
You bite the orc priest, but do no damage.
The orc priest is moderately wounded.
You feel sick. The orc wizard barely misses you.
The orc wizard hits you with a +0 dagger.
The orc priest mumbles some strange prayers to Beogh against you.
Beogh smites you!
You hit the orc priest.
The orc priest is heavily wounded.
You feel sick.
The orc wizard hits you but does no damage. x2
The orc priest barely misses you.
You barely miss the orc wizard.
You feel sick.
The orc wizard hits you with a +2 dagger of venom.
You are more poisoned.
The orc wizard closely misses you. The orc priest closely misses you.
You hit the orc wizard.
The orc wizard is lightly wounded.
You feel very sick.
The orc wizard hits you but does no damage.
The orc wizard hits you with a +0 dagger.
* * * LOW HITPOINT WARNING * * *
The orc priest mumbles some strange prayers to Beogh against you.
Beogh smites you!
You die...

######## ####....... # .......#
########......#.##.#
.#####.####...<....##.#....#.###
.# #....#.#####..##.#.†.......
.# #.##.#.#####.[..........#..
.# #...............##........>
.#####.##.#.#####..#.##.........
.......##.#.#####ooB....#.##....
###.##.##.#....)@o####..### #..
#.......#######o####..# .
####.#### ####...†...#
####.#######......##.##
###)...........####.##.#
#...#####......####.##.# #.#.#
#........##..... #.#.#
#.....)#.##.##.# #.#.###
#......†.......#


You could see an orc priest, 2 orc wizards, an orc and a giant cockroach.

Vanquished Creatures
  An adder (D:2)
  A worm (D:2)
  2 dart slugs
  2 orcs (D:3)
  3 endoplasms (D:1)
  5 giant cockroaches
  6 goblins
  3 hobgoblins
  3 jackals (D:1)
  7 kobolds
  5 quokkas (D:1)
  6 ball pythons
  4 bats
  6 frilled lizards
  A rat (D:1)
55 creatures vanquished.

Notes
Turn   | Place    | Note
-------+----------+-------------------------------------------
     0 | D:1      | jimonade the Vine Stalker Brigand began the quest for the
                  | Orb.
     0 | D:1      | Reached XP level 1. HP: 11/11 MP: 2/2
    74 | D:1      | Reached skill level 5 in Stealth
   110 | D:1      | Reached XP level 2. HP: 15/15 MP: 3/3
   283 | D:1      | Reached XP level 3. HP: 12/18 MP: 4/4
   735 | D:2      | Found a faded altar of an unknown god.
   922 | D:2      | Reached skill level 1 in Dodging
   922 | D:2      | Reached skill level 6 in Stealth
   922 | D:2      | Gained mutation: Your natural rate of healing is unusually
                  | fast. [Vine Stalker growth]
   922 | D:2      | Reached XP level 4. HP: 11/23 MP: 3/5
  1485 | D:3      | Killed from afar by an orc priest

Illustrated notes

Levels and vault maps discovered:
D:1:      scummos_arrival_gate, layout_basic, minmay_misc_feat_five
D:2:      layout_rooms, nicolae_ecumenical_pavilion, kennysheep_generic_room_6
D:3:      layout_loops_cross, nicolae_ru_the_path_less_chosen, minivault_4

Skill      XL: |  1  2  3 |
---------------+----------+-----
Stealth        | 5 6 |  6.1
Short Blades   | 2 |  2.8
Dodging        | 1 |  1.1
Fighting       | |  1.8
Throwing       | |  1.7

Action                     |  1- 3 |  4- 6 || total
---------------------------+-------+-------++-------
  Melee: Dagger            |    83 |    49 ||   132
         Bite              |    22 |    10 ||    32
  Throw: Boomerang         |     3 |       ||     3
    Use: Scroll            |     4 |       ||     4
   Stab: Sleeping          |    10 |       ||    10
 Armour: Robe              |    12 |     7 ||    19
         Ring mail         |       |    14 ||    14
  Dodge: Dodged            |    41 |    34 ||    75

Table legend: (Time is in decaauts)
 A = Elapsed time spent in this place.
 B = Non-inter-level travel time spent in this place.
 C = Inter-level travel time spent in this place.
 D = Time resting spent in this place.
 E = Time spent auto-exploring this place.
 F = Levels seen in this place.
 G = Mean time per level.
                   A        B        C        D        E       F      G
               +--------+--------+--------+--------+--------+-----+--------+
         Total |   1469 |   1378 |     91 |     35 |    914 |   3 |  489.7 |
       Dungeon |   1469 |   1378 |     91 |     35 |    914 |   3 |  489.7 |
               +--------+--------+--------+--------+--------+-----+--------+

Top non-repeatable levels by time:
     D:1: 775 daAuts
     D:2: 545 daAuts
     D:3: 148 daAuts
